 Dungeon Sprint DCSS version 0.27-a0-1319-geec4fb4e21 (webtiles) character file.

Game seed: 2146120983545522409

4241 mhtbhm the Eclecticist (level 10, -5/44 HPs)
             Began as a Spriggan Earth Elementalist on June 21, 2021.
             Was a Priest of Vehumet.
             Splashed by an oklob plant's acid (12 damage)
             ... in the Dungeon (Sprint I: "Red Sonja").
             The game lasted 00:05:54 (2276 turns).

mhtbhm the Eclecticist (SpEE)                       Turns: 2276, Time: 00:05:55

Health: -5/44      AC:  4    Str:  4    XL:     10   Next: 9%
Magic:  22/32      EV: 19    Int: 21    God:    Vehumet [***...]
Gold:   392        SH:  0    Dex: 15    Spells: 29/44 levels left

rFire    + + .     SeeInvis +   d - staff of fire
rCold    + . .     Faith    .   (shield currently unavailable)
rNeg     . . .     Spirit   .   b - +2 robe {rC+ rF+}
rPois    +         Reflect  .   (helmet restricted)
rElec    .         Harm     .   (no cloak)
rCorr    .         Rampage  .   (gloves unavailable)
Will     +....     NoTele   +   (boots unavailable)
Stlth    +++.......             (no amulet)
HPRegen  0.14/turn              l - ring of poison resistance
MPRegen  0.23/turn              (no ring)

@: very quick
A: very small, no large weapons, unfitting armour, see invisible, speed 3
a: Renounce Religion


You were in the Dungeon.
You worshipped Vehumet.
Vehumet was most pleased with you.
You visited 1 branch You collected 1166 gold pieces.
You spent 774 gold pieces at shops.

Inventory:

Missiles
 i - 35 stones
 k - 2 curare-tipped darts (quivered)
Armour
 b - a +2 robe of resistance (worn)
Magical Staves
 d - a staff of fire (weapon)
Jewellery
 l - a ring of poison resistance (left hand)
Scrolls
 h - 2 scrolls of blinking
 j - a scroll of identify {unknown}
 m - a scroll of magic mapping {unknown}
Potions
 a - a potion of might {unknown}
 c - 5 potions of curing
 e - a potion of haste
 f - 4 potions of magic
 g - a potion of berserk rage


   Skills:
 + Level 0.1 Fighting
 + Level 5.8 Dodging
 + Level 6.2 Stealth
 + Level 2.5 Unarmed Combat
 + Level 17.8 Spellcasting
 + Level 1.0 Conjurations
 + Level 6.6 Transmutations
 + Level 14.2 Earth Magic


You had 29 spell levels left.
You knew the following spells:

 Your Spells              Type           Power      Damage    Failure   Level
a - Sandblast             Erth           100%       2d20      0%          1
b - Passwall              Tmut/Erth      48%        N/A       1%          2
c - Stone Arrow           Conj/Erth      100%       3d13      1%          3
d - Lee's Rapid Deconstr  Erth           34%        3d18*     1%          5
e - Petrify               Tmut/Erth      58%        N/A       1%          4

Your spell library contained the following spells:

 Spells                   Type           Power      Damage    Failure   Level
 Static Discharge         Conj/Air       20%        N/A       1%          2


Dungeon Overview and Level Annotations

Branches:
Dungeon (1/1)

Altars:
Cheibriados
Dithmenos
Elyvilon
Fedhas
Gozag
Hepliaklqana
Kikubaaqudgha
Makhleb
Nemelex Xobeh
Okawaru
Qazlal
Ru
Sif Muna
Trog
Uskayaw
Vehumet
Wu Jian
Xom
Yredelemnul
Zin
The Shining One
Jiyva
Lugonu

Shops:
D *[[

Annotations:
D exclusion: oklob plant


Innate Abilities, Weirdness & Mutations

You are very small and have problems with some larger weapons.
You are too small for most types of armour.
You have supernaturally acute eyesight. (SInv)
You cover ground extremely quickly. (Speed+++)


Message History

You now have 392 gold pieces (gained 27).
You open the door.
An oklob plant comes into view.
Marking area around an oklob plant as unsafe for travelling.
Casting: Lee's Rapid Deconstruction (safe; 1% risk of failure)
Confirm with . or Enter, or press ? or * to list all spells.
Aiming: Lee's Rapid Deconstruction (safe; 1% risk of failure)
Press: ? - help, Dir - move target A closed door.
Okay, then.
Casting: Lee's Rapid Deconstruction (safe; 1% risk of failure)
Confirm with . or Enter, or press ? or * to list all spells.
Aiming: Petrify (safe; 1% risk of failure)
Press: ? - help, Shift-Dir - straight line, f - oklob plant
Aim: an oklob plant (dormant, chance to affect: 60%)
Okay, then.
Casting: Petrify (safe; 1% risk of failure)
Confirm with . or Enter, or press ? or * to list all spells.
Aiming: Lee's Rapid Deconstruction (safe; 1% risk of failure)
Press: ? - help, Dir - move target A closed door.
The stone door frame shatters!
The blast of rock fragments hits the oklob plant!!
The oklob plant is heavily damaged.
The oklob plant spits acid at you. The splash of acid hits you!
You are splashed with acid!
Unknown command.
Casting: Lee's Rapid Deconstruction (safe; 1% risk of failure)
Confirm with . or Enter, or press ? or * to list all spells.
Aiming: Lee's Rapid Deconstruction (safe; 1% risk of failure)
Press: ? - help, Dir - move target A closed door.
The stone door frame shatters!
The blast of rock fragments hits the oklob plant!!
The oklob plant is almost destroyed.
The oklob plant spits acid at you. The splash of acid hits you!
* * * LOW HITPOINT WARNING * * *
You are splashed with acid!
You die...

###########################
..#[.'..#__#.))...#..#§§§§+
..'..#..'^.'..#...##+#§####
#)#####'#__####...+ #§#
..#...#)####§§##### +§#
###..##.#§§§.§#§§# ###
__##'#_)+§§§§§§§.#
...'..._#§§§.§#§@#
__##_.#'##§#####'#
__###'#.#..§[###P+
#####.####'###.###
...'...'....[')∩#
####...########## ###.###
#.#'#.# #.....#


You could see an oklob plant.

Vanquished Creatures
  2 centaur warriors (D)
  Sonja (D)
  A deep troll (D)
  A lindwurm (D)
  2 kobold demonologists (D)
  A hornet (D)
  A slime creature (D)
  Sigmund (D)
  A yak (D)
  A floating eye (D)
  An ogre (D)
  A jelly (D)
  Ijyb (D)
  2 ballistomycete spores (D)
17 creatures vanquished.

Vanquished Creatures (others)
  A gargoyle (D)
1 creature vanquished.

Grand Total: 18 creatures vanquished

Notes
Turn   | Place    | Note
-------+----------+-------------------------------------------
     0 | D        | mhtbhm the Spriggan Earth Elementalist began the quest for
                  | the Orb.
     0 | D        | Reached XP level 1. HP: 9/9 MP: 5/5
     2 | D        | Noticed Ijyb
    23 | D        | Killed Ijyb
    24 | D        | Reached skill level 4 in Spellcasting
    24 | D        | Reached XP level 2. HP: 13/13 MP: 1/8
   162 | D        | Killed a gargoyle
   176 | D        | Learned a level 2 spell: Passwall
   259 | D        | Noticed an ogre
   266 | D        | Killed an ogre
   267 | D        | Reached skill level 1 in Unarmed Combat
   267 | D        | Reached skill level 6 in Spellcasting
   267 | D        | Reached XP level 3. HP: 16/16 MP: 4/11
   267 | D        | Reached XP level 4. HP: 21/21 MP: 4/13
   344 | D        | Noticed Sigmund
   350 | D        | Killed Sigmund
   351 | D        | Reached skill level 5 in Dodging
   351 | D        | Reached skill level 5 in Stealth
   351 | D        | Reached skill level 8 in Spellcasting
   351 | D        | Reached XP level 5. HP: 16/24 MP: 9/17
   558 | D        | Found an ornate altar of the Wu Jian Council.
   558 | D        | Found a shimmering blue altar of Sif Muna.
   560 | D        | Found a radiant altar of Vehumet.
   563 | D        | Reached XP level 6. HP: 28/28 MP: 16/18
   581 | D        | Became a worshipper of Vehumet
   621 | D        | Found Cegus's Antique Armour Emporium.
   621 | D        | Found an ancient bone altar of Kikubaaqudgha.
   621 | D        | Found a hazy altar of Hepliaklqana.
   621 | D        | Found a stormy altar of Qazlal.
   621 | D        | Found a hide-covered altar of Uskayaw.
   621 | D        | Found a blossoming altar of Fedhas.
   621 | D        | Found a bloodstained altar of Trog.
   621 | D        | Found an iron altar of Okawaru.
   621 | D        | Found a basalt altar of Yredelemnul.
   621 | D        | Found a glowing golden altar of the Shining One.
   621 | D        | Found a snail-covered altar of Cheibriados.
   621 | D        | Found a sacrificial altar of Ru.
   621 | D        | Found a glowing silver altar of Zin.
   621 | D        | Found a shadowy altar of Dithmenos.
   621 | D        | Found a white marble altar of Elyvilon.
   621 | D        | Noticed a yak
   642 | D        | Learned a level 3 spell: Stone Arrow
   648 | D        | Learned a level 5 spell: Lee's Rapid Deconstruction
   653 | D        | Learned a level 4 spell: Petrify
   661 | D        | Killed a yak
   662 | D        | Reached skill level 10 in Spellcasting
   942 | D        | Found an opulent altar of Gozag.
   943 | D        | Found a sparkling altar of Nemelex Xobeh.
   964 | D        | Found a burning altar of Makhleb.
   964 | D        | Found a viscous altar of Jiyva.
   964 | D        | Found a shimmering altar of Xom.
   964 | D        | Found a corrupted altar of Lugonu.
   964 | D        | Noticed a slime creature
   977 | D        | Killed a slime creature
   978 | D        | Reached skill level 11 in Spellcasting
   978 | D        | Reached XP level 7. HP: 32/32 MP: 1/22
  1119 | D        | Noticed a kobold demonologist
  1120 | D        | Noticed a kobold demonologist
  1121 | D        | Reached * piety under Vehumet
  1121 | D        | Offered knowledge of Shock by Vehumet.
  1122 | D        | Reached skill level 12 in Spellcasting
  1122 | D        | Reached skill level 10 in Earth Magic
  1124 | D        | Killed a kobold demonologist
  1125 | D        | Killed a kobold demonologist
  1126 | D        | Reached skill level 13 in Spellcasting
  1126 | D        | Reached XP level 8. HP: 36/36 MP: 2/26
  1365 | D        | Noticed a lindwurm
  1368 | D        | Killed a lindwurm
  1368 | D        | Offered knowledge of Freeze by Vehumet.
  1368 | D        | Reached ** piety under Vehumet
  1369 | D        | Reached skill level 14 in Spellcasting
  1516 | D        | Noticed Sonja
  1527 | D        | Killed Sonja
  1528 | D        | Reached skill level 15 in Spellcasting
  1528 | D        | Reached skill level 1 in Conjurations
  1528 | D        | Reached skill level 5 in Transmutations
  1528 | D        | Reached XP level 9. HP: 39/39 MP: 2/29
  1678 | D        | Found Tuest's General Store.
  1686 | D        | Bought 2 potions of magic for 160 gold pieces
  1686 | D        | Bought a ring of poison resistance for 200 gold pieces
  1890 | D        | Noticed a deep troll
  1903 | D        | Killed a deep troll
  1904 | D        | Reached skill level 16 in Spellcasting
  2050 | D        | Found Kixzoonko's Armour Emporium.
  2071 | D        | Bought a +2 robe of resistance for 414 gold pieces
  2104 | D        | Noticed a centaur warrior
  2105 | D        | Noticed a centaur warrior
  2109 | D        | Killed a centaur warrior
  2110 | D        | Reached skill level 17 in Spellcasting
  2110 | D        | Killed a centaur warrior
  2110 | D        | Offered knowledge of Static Discharge by Vehumet.
  2111 | D        | Reached XP level 10. HP: 32/44 MP: 15/32
  2203 | D        | Reached *** piety under Vehumet
  2274 | D        | Noticed an oklob plant
  2276 | D        | Splashed by an oklob plant's acid

Illustrated notes

Levels and vault maps discovered:
D:        dungeon_sprint_1 [red_sonja_temple_1, red_sonja_temple_small_1]

Skill      XL: |  1  2  3  4  5  6  7  8  9 |
---------------+----------------------------+-----
Dodging        | 3 4 5 |  5.8
Spellcasting   | 4 6 8 11 13 15 17 | 17.8
Earth Magic    | 4 6 8 9 11 12 14 | 14.2
Stealth        | 4 5 6 |  6.2
Unarmed Combat | 1 2 |  2.5
Transmutations | 2 3 5 6 |  6.6
Conjurations   | 1 |  1.0
Fighting       | |  0.1

Action                   |  1- 3 |  4- 6 |  7- 9 | 10-12 || total
-------------------------+-------+-------+-------+-------++-------
Melee: Unarmed           |    12 |       |       |       ||    12
 Cast: Sandblast         |     7 |    10 |     4 |       ||    21
       Passwall          |     2 |       |     4 |       ||     6
       Lee's Rapid Decon |       |     7 |    19 |     4 ||    30
       Stone Arrow       |       |     1 |     2 |       ||     3
       Petrify           |       |       |     6 |       ||     6
  Use: Potion            |     1 |       |       |       ||     1
Armor: Skin              |     7 |       |       |       ||     7
Dodge: Dodged            |     3 |     1 |     3 |       ||     7

Table legend: (Time is in decaauts)
 A = Elapsed time spent in this place.
 B = Non-inter-level travel time spent in this place.
 C = Inter-level travel time spent in this place.
 D = Time resting spent in this place.
 E = Time spent auto-exploring this place.
 F = Levels seen in this place.
 G = Mean time per level.
                   A        B        C        D        E       F      G
               +--------+--------+--------+--------+--------+-----+--------+
         Total |   2117 |   2117 |      0 |   1672 |      0 |   1 | 2117.0 |
       Dungeon |   2117 |   2117 |      0 |   1672 |      0 |   1 | 2117.0 |
               +--------+--------+--------+--------+--------+-----+--------+

Top non-repeatable levels by time:
       D: 2117 daAuts
